 Dungeon Crawl Stone Soup version 0.31-a0-152-g6aa68a64a1 (webtiles) character file.

Game seed: 16370154795676871900

378 qw the Shooter (level 6, 0/39 HPs)
             Began as a Gargoyle Hunter on June 10, 2023.
             Slain by a gnoll sergeant
             ... wielding a +2 vampiric spear
              (8 damage)
             ... on level 4 of the Dungeon.
             The game lasted 00:01:12 (2600 turns).

qw the Shooter (Gargoyle Hunter)                    Turns: 2600, Time: 00:01:13

Health: 0/39       AC: 10    Str: 14    XL:     6   Next: 74%
Magic:  6/6        EV: 11    Int: 10    God:
Gold:   275        SH:  0    Dex: 21    Spells: 5/5 levels left

rFire   . . .        Y - +5 shortbow
rCold   . . .        (shield currently unavailable)
rNeg    + . .        m - +0 ring mail
rPois   inf          (no helmet)
rElec   +            (no cloak)
rCorr   .            g - +0 pair of gloves
SInv    .            (no boots)
Will    .....        (no amulet)
Stlth   +            b - +6 ring of dexterity
HPRegen 0.26/turn    (no ring)
MPRegen 0.10/turn

%: no passive effects
@: no status effects
A: sickness immunity, AC +4, negative energy resistance 1, electricity
resistance, torment resistance 1, petrification resistance
a: no special abilities


You were on level 4 of the Dungeon.
You visited 1 branch of the dungeon, and saw 4 of its levels.

You collected 275 gold pieces.


Innate Abilities, Weirdness & Mutations

You are immune to sickness and miasma.
Your stone body is resilient. (AC +4)
You are immune to poison.
You resist negative energy. (rN+)
You are resistant to electric shocks. (rElec)
You are resistant to unholy torment.
You are immune to petrification.


   Skills:
 - Level 4.3 Fighting
 + Level 6.7 Ranged Weapons
 - Level 1.3 Armour
 - Level 1.8 Dodging
 - Level 1.1 Stealth


You had 5 spell levels left.
You didn't know any spells.
Your spell library was empty.

Inventory:

Hand Weapons
 Y - a +5 shortbow (weapon)
Armour
 g - a +0 pair of gloves (worn)
 k - a +0 pair of boots
 m - a +0 ring mail (worn)
Jewellery
 b - a +6 ring of dexterity (left hand)
 c - an amulet of the acrobat
 e - a ring of protection from cold
Scrolls
 h - a scroll of enchant armour {unknown}
Potions
 a - a potion of ambrosia {unknown}
 d - a potion of curing {unknown}
 f - a potion of lignification {unknown}
 i - a potion of resistance {unknown}
 j - a potion of brilliance {unknown}
 l - a potion of might
 n - 2 potions of heal wounds

Dungeon Overview and Level Annotations

Branches:
Dungeon (4/15)
 Temple: D:4-7

Altars:
Yredelemnul


Message History

You shoot an arrow. The arrow closely misses the gnoll.
The arrow hits the orc!
You kill the orc!
An orc comes into view. It is wielding a +0 flail.
The gnoll hits you from afar with a +0 spear.
You shoot an arrow. The gnoll shouts!
The arrow hits the gnoll.
The gnoll is heavily wounded.
You hear a shout!
The gnoll hits you but does no damage. The orc barely misses you.
The gnoll closely misses you.
You hear a shout!
You shoot an arrow. The arrow hits the orc!
You kill the orc!
The gnoll hits you from afar with a +0 spear.
The gnoll hits you from afar with a +0 spear!
You shoot an arrow. The arrow hits the gnoll.
The gnoll is almost dead.
The gnoll closely misses you. The gnoll hits you but does no damage.
You shoot an arrow. The arrow barely misses the gnoll.
The arrow hits the orc.
The orc is heavily wounded.
The gnoll hits you from afar with a +0 spear.
The gnoll barely misses you.
You shoot an arrow. The arrow hits the gnoll!
You kill the gnoll!
The gnoll hits you from afar with a +0 spear.
You shoot an arrow. The arrow hits the gnoll!
You kill the gnoll!
The gnoll hits you from afar with a +0 spear.
You shoot an arrow. The arrow hits the orc!
You kill the orc!
The gnoll sergeant hits you from afar with a +2 vampiric spear!
The gnoll hits you but does no damage. The gnoll closely misses you.
You shoot an arrow. The arrow hits the gnoll.
The gnoll is heavily wounded.
The gnoll hits you but does no damage.
The gnoll sergeant hits you from afar with a +2 vampiric spear.
The gnoll hits you from afar with a +0 spear.
The gnoll sergeant hits you from afar with a +2 vampiric spear!
You die...

.# ######### .# #8..8#... .#
'....'). .# '....'g .# #...[# .#
#..).# .# #.gg.# .# #g)g.# ##+#
#@)..# ...#
###########''''#############
go.#............................#
####~~~~~~~~~~~~....~~~~~~~~~~~~#
~~~~~~~~~~~~~~~~....~~~~~~~~~~~~~
~~~~~~~~~~~~~~~~....~~~~~~~~~~~~~
.......................).........
.#####.##.......#.#.......#.))#..
.#####.#...####.#...#......).....


You could see a gnoll sergeant and 3 gnolls.

Vanquished Creatures
  2 howler monkeys (D:4)
  An orc priest (D:3)
  2 orc wizards
  6 gnolls (D:4)
  3 adders
  2 dart slugs (D:3)
  13 orcs
  7 ball pythons
  4 bats
  6 endoplasms
  3 giant cockroaches
  7 goblins
  3 hobgoblins
  24 jackals
  2 quokkas
  7 frilled lizards
  6 kobolds
  4 rats
102 creatures vanquished.

Vanquished Creatures (others)
  An orc wizard (D:3)
1 creature vanquished.

Grand Total: 103 creatures vanquished

Notes
Turn   | Place    | Note
-------+----------+-------------------------------------------
     0 | D:1      | qw the Gargoyle Hunter began the quest for the Orb.
     0 | D:1      | Reached XP level 1. HP: 12/12 MP: 1/1
     0 | D:1      | 0 ||| qw: Version: 0.2-a-29-g67ad517
     0 | D:1      | 0 ||| qw: Game counter: 3930
     0 | D:1      | 0 ||| qw: Always use a shield: true
     0 | D:1      | 0 ||| qw: God list: Okawaru
     0 | D:1      | 0 ||| qw: Allow faded altars: false
     0 | D:1      | 0 ||| qw: Do Orc after D:15 true
     0 | D:1      | 0 ||| qw: Do second Lair branch before Depths: true
     0 | D:1      | 0 ||| qw: Lair rune preference: random
     0 | D:1      | 0 ||| qw: Plans: Normal, Zot:1-4, Slime:5, God:TSO, Crypt,
                  | Tomb, Abyss, Pan, Hells, Win
     0 | D:1      | 0 ||| PLANNING D:1-11
   150 | D:1      | Reached XP level 2. HP: 15/17 MP: 2/2
   643 | D:1      | 643 ||| READING scroll labelled ECLIRUUPNU.
   653 | D:1      | 653 ||| READING scroll labelled NIQYUF XIOF.
   654 | D:1      | 654 ||| READING scroll labelled ELIFAZ NEUKHYMN.
   655 | D:1      | 655 ||| READING scroll labelled BOXKUM CUAMUPT.
   659 | D:1      | 659 ||| READING scroll labelled OVOIQ GIOLOSH.
   660 | D:1      | 660 ||| DROPPING scroll of butterflies.
   706 | D:2      | 706 ||| STAIRDANCE
   714 | D:2      | Reached XP level 3. HP: 21/21 MP: 3/3
   785 | D:2      | Reached skill level 5 in Ranged Weapons
  1264 | D:2      | 1264 ||| UPGRADING to +0 pair of gloves.
  1269 | D:2      | 1269 ||| UPGRADING to +6 ring of dexterity.
  1270 | D:2      | 1270 ||| READING 2 scrolls labelled BEFEEL UPNY.
  1271 | D:2      | 1271 ||| READING scroll labelled QEPNES CEWIU.
  1272 | D:2      | 1272 ||| DRINKING 2 cyan potions.
  1273 | D:2      | 1273 ||| DRINKING 2 fuming ruby potions.
  1274 | D:2      | 1274 ||| DROPPING scroll of immolation.
  1403 | D:3      | Reached skill level 3 in Fighting
  1423 | D:3      | Reached XP level 4. HP: 28/28 MP: 4/4
  1712 | D:3      | Reached skill level 6 in Ranged Weapons
  1712 | D:3      | Reached XP level 5. HP: 32/32 MP: 5/5
  1842 | D:3      | 1842 ||| UPGRADING to +0 ring mail.
  1852 | D:3      | 1852 ||| DROPPING +0 leather armour.
  1853 | D:3      | 1853 ||| DROPPING ring of magical power.
  1854 | D:3      | 1854 ||| READING 4 scrolls labelled SALURO TISIELL.
  1855 | D:3      | 1855 ||| READING 3 scrolls of enchant weapon.
  1855 | D:3      | 1855 ||| ENCHANTING +1 shortbow.
  1856 | D:3      | 1856 ||| READING 2 scrolls of enchant weapon.
  1856 | D:3      | 1856 ||| ENCHANTING +2 shortbow.
  1857 | D:3      | 1857 ||| READING scroll of enchant weapon.
  1857 | D:3      | 1857 ||| ENCHANTING +3 shortbow.
  1858 | D:3      | 1858 ||| READING scroll labelled MAXKUCR MODGH.
  1939 | D:4      | Reached skill level 1 in Armour
  1942 | D:4      | HP: 6/32 [gnoll/+0 halberd (8)]
  1943 | D:4      | 1943 ||| DRINKING 3 potions of heal wounds.
  2098 | D:4      | 2098 ||| READING scroll of enchant weapon.
  2098 | D:4      | 2098 ||| ENCHANTING +4 shortbow.
  2120 | D:4      | Reached XP level 6. HP: 25/38 MP: 2/6
  2496 | D:4      | Found a basalt altar of Yredelemnul.
  2590 | D:4      | 2590 ||| Stepping ~*~*~tactically~*~*~ (outnumbered).
  2600 | D:4      | HP: 9/39 [gnoll sergeant/+2 vampiric spear (2)]
  2600 | D:4      | Slain by a gnoll sergeant

Levels and vault maps discovered:
D:1:      lemuel_arrival_broad_hall, layout_loops_ring,
          hangedman_abyss_or_decor_stabs, minmay_heptomino_h4
D:2:      layout_basic, serial_corexii_hall, chequers_hall_statues_y,
          chequers_hall_statues_wall_a
D:3:      layout_rooms
D:4:      lemuel_castle_with_subvaults [lemuel_castle_interior_carwin_2],
          layout_loops_cross, general_overflow_altar, minmay_curled_crystal

Skill      XL: |  1  2  3  4  5  6 |
---------------+-------------------+-----
Ranged Weapons | 5 6 |  6.7
Fighting       | 3 4 |  4.3
Armour         | 1 |  1.3
Dodging        | |  1.8
Stealth        | |  1.1

Action                     |  1- 3 |  4- 6 || total
---------------------------+-------+-------++-------
   Fire: Shortbow          |   113 |   155 ||   268
    Use: Scroll            |     7 |     6 ||    13
         Potion            |     2 |     1 ||     3
 Armour: Leather armour    |    29 |    24 ||    53
         Ring mail         |       |    25 ||    25
  Dodge: Dodged            |    49 |    64 ||   113

Table legend:
 A = Non-vault XP
 B = Vault XP
 C = Vault XP percentage of total XP
 D = Non-vault monster count
 E = Vault monster count
 F = Vault count percentage of total count
                 A         B        C        D         E       F
            +---------+---------+-------+---------+---------+-------
      Total |     314 |     227 |  42.0 |      76 |      27 |  26.2
            +---------+---------+-------+---------+---------+-------
        D:1 |      26 |       6 |  18.8 |      15 |       4 |  21.1
        D:2 |      24 |       0 |   0.0 |       9 |       0 |   0.0
        D:3 |     172 |       0 |   0.0 |      30 |       0 |   0.0
        D:4 |      92 |     221 |  70.6 |      22 |      23 |  51.1
            +---------+---------+-------+---------+---------+-------
